 Dungeon Crawl Stone Soup version 0.18-a0-1745-gffa9a88 (webtiles) character file.

964 MrRokkomies the Gouger (level 7, -4/27 HPs)
             Began as a Felid Venom Mage on Apr 12, 2016.
             Was an Initiate of Fedhas.
             Slain by an ogre
             ... wielding a +0 giant spiked club
              (15 damage)
             ... on level 6 of the Dungeon.
             The game lasted 00:29:14 (8528 turns).

MrRokkomies the Gouger (Felid Venom Mage)           Turns: 8528, Time: 00:29:15

Health: -4/27      AC:  2    Str:  4    XL:     7   Next: 93%
Magic:  6/11       EV: 18    Int: 19    God:    Fedhas [......]
Gold:   289        SH:  0    Dex: 16    Spells: 4 memorised, 1 level left
                                        Lives:  0   Deaths: 2

rFire  . . .     SeeInvis +       - Unarmed
rCold  . . .     Gourm    .     (armour unavailable)
rNeg   . . .     Faith    .     (shield unavailable)
rPois  .         Spirit   .     (helmet unavailable)
rElec  .         Dismiss  +     (cloak unavailable)
rCorr  .         Reflect  .     (gloves unavailable)
SustAt .         Harm     .     (boots unavailable)
MR     +....     Clarity  +     g - amulet of dismissal
Stlth  +++.......               (no ring)
                                (no ring)

@: quick, somewhat resistant to hostile enchantments, fairly stealthy
A: no armour, no weapons or thrown items, claws 1, fangs 3, see invisible,
carnivore 3, clarity, speed 1, shaggy fur 2, slow metabolism 1, sharp paws
a: Renounce Religion


You were on level 6 of the Dungeon.
You worshipped Fedhas.
Fedhas was noncommittal.
You were not hungry.

You visited 1 branch of the dungeon, and saw 7 of its levels.

You collected 289 gold pieces.

Inventory:

Jewellery
 g - an amulet of dismissal (around neck)
 o - an uncursed ring of ice
Scrolls
 c - 3 scrolls of teleportation
 e - 3 scrolls of remove curse
 h - a scroll of noise {unknown}
 j - a scroll of recharging
 l - a scroll of magic mapping
Potions
 f - 2 potions of curing
 i - 2 potions of cure mutation {unknown}
 m - a potion of resistance {unknown}
Books
 a - a Young Poisoner's Handbook

   Spells                             Type                      Level
   a - Sting                          Conjuration/Poison           1
   b - Cure Poison                    Poison                       2
   c - Mephitic Cloud                 Conjuration/Poison/Air       3
   d - Olgreb's Toxic Radiance        Poison                       4
   e - Venom Bolt                     Conjuration/Poison           5
 n - a book of Clouds

   Spells                             Type                      Level
   a - Mephitic Cloud                 Conjuration/Poison/Air       3
   b - Conjure Flame                  Conjuration/Fire             3
   c - Poisonous Cloud                Conjuration/Poison/Air       6
   d - Freezing Cloud                 Conjuration/Ice/Air          6
   e - Ring of Flames                 Charms/Fire                  7
Comestibles
 b - 4 meat rations
 d - 2 royal jellies
 k - a beef jerky


   Skills:
 - Level 2.6 Dodging
 - Level 2.6 Stealth
 * Level 9.0 Unarmed Combat
 - Level 2.0 Spellcasting
 * Level 3.1 Conjurations
 - Level 3.0 Air Magic
 - Level 5.0 Poison Magic


You had one spell level left.
You knew the following spells:

 Your Spells              Type           Power        Failure   Level  Hunger
a - Sting                 Conj/Pois      ###.         3%          1    #......
b - Cure Poison           Pois           ###.......   3%          2    ###....
c - Mephitic Cloud        Conj/Pois/Air  ###.....     12%         3    ###....
d - Conjure Flame         Conj/Fire      #.......     28%         3    ###....


Dungeon Overview and Level Annotations

Branches:
Dungeon (7/15)
 Temple: D:4-7

Altars:
Ashenzari
Cheibriados
Dithmenos
Fedhas
Gozag
Okawaru
Xom
The Shining One

Shops:
D:4 :

Annotations:
D:3 1 runed door
D:5 Nattefrost's ghost, novice CeFi
D:6 Pereza0's ghost, novice HuSk


Innate Abilities, Weirdness & Mutations

You cannot wear armour.
You are incapable of wielding weapons or throwing items.
You have sharp claws.
You have razor-sharp teeth.
You have supernaturally acute eyesight.
You are carnivorous and can eat meat at any time.
You cover ground quickly.
You are covered in thick fur (AC +2).
You have a slow metabolism.
Your sharp claws are effective at attacking unaware monsters.
You possess an exceptional clarity of mind.


Message History

The crimson imp moves out of view.
The ogre misses you.
Found a mace.
You scratch the ogre. You bite the ogre.
The ogre is moderately wounded.
The ogre closely misses you.
An orc wizard comes into view. It is wielding a dagger.
An orc and an orc wizard come into view.
The orc wizard moves out of view.
You claw the crimson imp!
The crimson imp is severely wounded.
The ogre barely misses you. The crimson imp hits you.
Found a helmet.
The orc wizard hits you with a dagger.
The crimson imp gestures.
The crimson imp blinks!
You see here a mace.
The ogre hits you with a giant spiked club!
Ouch! That really hurt!
You die...
Fedhas appreciates your contribution to the ecosystem.

#... ..### #...
.... #####...
#.#... ....#...
#..# )## #.....
#..# .[## ##....
#..### ..## ##....
#....# #..###...#<
#@.#.###.......##.
#)Ono§............
#.##.g........###.
#o##..#.##......##
#.##<...##.###....
#.##.#.###n###..#.
.[.....# #...n...>
.......# ##....#r.
.......# #..##.###


You could see an ogre, a necrophage, an orc wizard, a gnoll and an orc.

Vanquished Creatures
  The ghost of Mandevil the Blocker, a novice FoAM of Ru (D:7)
  2 sky beasts
  An ogre (D:5)
  A giant frog (D:7)
  2 scorpions
  A crimson imp (D:7)
  3 orc priests
  A jelly (D:5)
  2 hounds
  2 orc wizards (D:4)
  A giant frog skeleton (D:6)
  An iguana (D:4)
  4 worker ants
  7 adders
  A gnoll (D:5)
  2 shadow imps
  An ooze (D:4)
  4 worms
  9 giant geckos
  7 orcs
  8 bats
  3 giant cockroaches
  6 goblins
  3 hobgoblins
  9 jackals
  2 quokkas (D:3)
  A giant gecko skeleton (D:4)
  4 giant newts
  A jackal skeleton (D:4)
  5 kobolds
  11 rats
  A rat zombie (D:5)
107 creatures vanquished.

Vanquished Creatures (others)
  6 toadstools
6 creatures vanquished.

Grand Total: 113 creatures vanquished

Notes
Turn   | Place    | Note
--------------------------------------------------------------
     0 | D:1      | MrRokkomies the Felid Venom Mage began the quest for the Orb.
     0 | D:1      | Reached XP level 1. HP: 7/7 MP: 4/4
   327 | D:1      | Reached XP level 2. HP: 10/11 MP: 6/6
   550 | D:1      | Reached skill level 1 in Unarmed Combat
  1045 | D:2      | Reached XP level 3. HP: 14/14 MP: 2/7
  1446 | D:2      | You fall through a shaft!
  1450 | D:3      | Learned a level 2 spell: Cure Poison
  1454 | D:3      | Learned a level 3 spell: Mephitic Cloud
  2167 | D:2      | Reached XP level 4. HP: 18/18 MP: 8/8
  2173 | D:2      | Reached skill level 5 in Poison Magic
  2876 | D:3      | Noticed an angel
  2877 | D:3      | Found a glowing golden altar of the Shining One.
  2879 | D:3      | Found a runed door.
  3265 | D:3      | Reached skill level 2 in Unarmed Combat
  3488 | D:3      | Reached skill level 1 in Air Magic
  3544 | D:3      | Reached XP level 5. HP: 13/21 MP: 9/9
  3794 | D:4      | Noticed a sky beast
  3830 | D:4      | Killed a sky beast
  3830 | D:4      | Reached skill level 3 in Unarmed Combat
  4399 | D:4      | Found Qid Usad's Book Boutique.
  4409 | D:4      | Reached skill level 4 in Unarmed Combat
  4409 | D:4      | Gained mutation: You are covered in thick fur (AC +2). [Felid growth]
  4409 | D:4      | Reached XP level 6. HP: 24/24 MP: 0/10
  5193 | D:4      | Reached skill level 5 in Unarmed Combat
  5388 | D:5      | Entered Level 5 of the Dungeon
  5414 | D:5      | Noticed a sky beast
  5431 | D:5      | Killed a sky beast
  5431 | D:5      | Reached skill level 1 in Conjurations
  5431 | D:5      | Reached XP level 7. HP: 20/27 MP: 8/11
  5654 | D:5      | Gained mutation: You possess an exceptional clarity of mind. [potion of beneficial mutation]
  6271 | D:5      | Found a blossoming altar of Fedhas.
  6277 | D:5      | Became a worshipper of Fedhas Madash
  6561 | D:5      | Noticed Nattefrost's ghost (novice CeFi)
  7083 | D:6      | Noticed Pereza0's ghost (novice HuSk)
  7327 | D:7      | Reached skill level 6 in Unarmed Combat
  7330 | D:7      | Noticed a hungry ghost
  7337 | D:7      | Slain by a giant frog
  7338 | D:7      | Reached XP level 6. HP: -1/24 MP: 6/10
  7444 | D:7      | Learned a level 3 spell: Conjure Flame
  7600 | D:7      | Noticed Mandevil's ghost (novice FoAM)
  7644 | D:6      | Reached XP level 7. HP: 26/27 MP: 4/11
  7955 | D:7      | Found a shattered altar of Ashenzari.
  7960 | D:7      | Found a snail-covered altar of Cheibriados.
  7967 | D:7      | Found a shimmering altar of Xom.
  7968 | D:7      | Found a shadowy altar of Dithmenos.
  7970 | D:7      | Found an iron altar of Okawaru.
  7971 | D:7      | Found an opulent altar of Gozag.
  8020 | D:7      | Reached skill level 7 in Unarmed Combat
  8057 | D:7      | Slain by Mandevil's ghost
  8058 | D:7      | Reached XP level 6. HP: -3/24 MP: 5/10
  8251 | D:7      | Killed Mandevil's ghost
  8251 | D:7      | Reached skill level 8 in Unarmed Combat
  8251 | D:7      | Reached XP level 7. HP: 9/27 MP: 2/11
  8485 | D:7      | Reached skill level 9 in Unarmed Combat
  8528 | D:6      | Slain by an ogre

Vault maps used:
D:1:      erik_arrival_triangle_large
D:2:      hangedman_decor_slide_cut, patterned_corridor
D:3:      first_bread, lemuel_angel_altar
D:4:      serial_shops, shop
D:5:      kennysheep_little_box, enter_ossuary_3
D:6:      serial_shops, shop, nicolae_shop_trees, trog_butcher_becter
D:7:      minitemple, temple_hall

Skill      XL: |  1  2  3  4  5  6  7 |
---------------+----------------------+-----
Poison Magic   | 4 5 |  5.0
Unarmed Combat | 1 2 4 8 9 |  9.0
Air Magic      | 1 2 3 |  3.0
Conjurations   | 3 2 |  3.1
Dodging        | |  2.6
Stealth        | |  2.6
Spellcasting   | |  2.0

Action                   |  1- 3 |  4- 6 |  7- 9 || total
-------------------------+-------+-------+-------++-------
Melee: Unarmed           |    63 |   184 |   102 ||   349
 Cast: Sting             |    56 |    43 |     5 ||   104
       Mephitic Cloud    |       |    11 |    11 ||    22
       Conjure Flame     |       |     3 |     2 ||     5
       Cure Poison       |       |     1 |     1 ||     2
  Use: Scroll            |     5 |     3 |     9 ||    17
       Potion            |       |     3 |     2 ||     5
 Stab: Sleeping          |     9 |     6 |     3 ||    18
       Confused          |       |     9 |     2 ||    11
  Eat: Chunk             |     6 |     7 |     3 ||    16
